 Dungeon Crawl Stone Soup version 0.30-a0-331-g8ab09dc110 (webtiles) character file.

Game seed: 13631462970584205597

16 oldriver the Magician (level 2, -3/22 HPs)
             Began as a Djinni Hedge Wizard on Oct 29, 2022.
             Killed by nerve-wracking pain
             ... invoked by Jessica
              (12 damage)
             ... on level 2 of the Dungeon.
             The game lasted 00:00:34 (1032 turns).

oldriver the Magician (Djinni Hedge Wizard)         Turns: 1032, Time: 00:00:38

Health: -3/22      AC:  2    Str:  9    XL:     2   Next: 75%
Gold:   38         EV: 12    Int: 15    God:
                   SH:  0    Dex: 12

rFire   + + .      SeeInvis .    a - +0 dagger
rCold   x . .      Faith    .    (no shield)
rNeg    . . .      Spirit   .    b - +0 robe
rPois   ∞          Reflect  .    c - +0 hat
rElec   .          Harm     .    (no cloak)
rCorr   .          Rampage  .    (no gloves)
Will    .....                    (boots unavailable)
Stlth   ++........               (no amulet)
HPRegen 0.23/turn                (no ring)
MPRegen 0.00/turn                (no ring)

@: flying
A: sickness immunity, fire resistance 2, cold vulnerability 1, float, innate
caster, HP casting, extra vitality 1
a: no special abilities


You were on level 2 of the Dungeon.
You visited 1 branch of the dungeon, and saw 2 of its levels.

You collected 38 gold pieces.

Inventory:

Hand Weapons
 a - a +0 dagger (weapon)
Armour
 b - a +0 robe (worn)
 c - a +0 hat (worn)
Jewellery
 l - a ring of protection from fire
Scrolls
 d - a scroll of teleportation {unknown}
 f - 6 scrolls of identify {unknown}
 g - a scroll of enchant armour {unknown}
 j - a scroll of amnesia {unknown}
Potions
 e - 2 potions of might {unknown}
 h - a potion of attraction {unknown}
 i - a potion of curing {unknown}
 k - a potion of lignification {unknown}


   Skills:
 * Level 1.3 Fighting
 - Level 2.1 Dodging
 - Level 1.5 Stealth
 * Level 2.7 Spellcasting


You couldn't memorise any spells.
You knew the following spells:

 Your Spells              Type           Power      Damage    Failure   Level
a - Magic Dart            Conj           40%        1d5       7%          1
b - Slow                  Hex            40%        N/A       7%          1
c - Blink                 Tloc           20%        N/A       10%         2
d - Call Imp              Summ           10%        N/A       10%         2
e - Cigotuvi's Dreadful   Necr/Pois/Air  20%        N/A       10%         2
f - Mephitic Cloud        Conj/Pois/Air  10%        N/A       21%         3
Your spell library was empty.

Dungeon Overview and Level Annotations

Branches:
Dungeon (2/15)

Altars:

Annotations:
D:2 Jessica


Innate Abilities, Weirdness & Mutations

You are immune to sickness and miasma.
You are immune to poison.
Your flesh is very heat resistant. (rF++)
You are vulnerable to cold. (rC-)
You float through the air rather than walking.
You learn spells naturally, not from books.
Your magical power is your life essence.
You have superior vitality. (+4 MHP)


Message History

Done exploring.
Done exploring.
Done exploring.
(D) Dungeon
Where to? (? - help)
What level of the Dungeon? (default 1, ? - help)
There is an open door here.
There is a dry fountain here.
There is an open door here.
There is an open door here.
There is a stone staircase leading down here.
You fly downwards.
Jessica shouts!
Found three items.
There is a stone staircase leading up here.
Jessica is nearby!
Jessica is nearby!
Jessica is nearby!
Jessica is nearby!
Jessica is nearby!
The magic dart hits Jessica but does no damage.
Jessica mumbles some strange words.
Jessica blinks!
The magic dart hits Jessica.
Jessica is lightly wounded.
The magic dart hits Jessica.
Jessica is severely wounded.
Jessica misses you.
The magic dart hits Jessica but does no damage.
Jessica is heavily wounded.
Jessica shouts, "I don't like beings like you!"
Jessica hits you with a +0 club!
You are too injured to fight recklessly!
Casting: Magic Dart (safe; 7% risk of failure)
Confirm with . or Enter, or press ? or * to list all spells.
A beastly little devil appears in a puff of flame.
Jessica points at you and mumbles some strange words.
Pain shoots through your body!
Ouch! That really hurt!
You die...

.? ....
##!##.#.
#......
##...#.#
#......#
####......##.#
#..!.5.......#
#..@..#
####@......
..##### ..#
..# ..# ..#
..#


You could see Jessica (ally target) and a friendly crimson imp (summoned).

Vanquished Creatures
  2 ball pythons (D:1)
  An endoplasm (D:1)
  A hobgoblin (D:1)
  2 jackals (D:1)
  3 kobolds (D:1)
  2 quokkas (D:1)
  2 bats (D:1)
  A frilled lizard (D:1)
  2 rats (D:1)
16 creatures vanquished.

Notes
Turn   | Place    | Note
-------+----------+-------------------------------------------
     0 | D:1      | oldriver the Djinni Hedge Wizard began the quest for the
                  | Orb.
     0 | D:1      | oldriver set off with the following spells memorised: Magic
                  | Dart, Slow, Blink, Call Imp, Cigotuvi's Dreadful Rot,
                  | Mephitic Cloud.
     0 | D:1      | Reached XP level 1. HP: 15/15 MP: 0/0
   129 | D:1      | Reached XP level 2. HP: 18/22 MP: 0/0
   191 | D:1      | Reached skill level 1 in Fighting
  1027 | D:2      | Noticed Jessica
  1032 | D:2      | Killed from afar by Jessica

Illustrated notes

Levels and vault maps discovered:
D:1:      lemuel_arrival_lava_pool, layout_basic, nicolae_hexahallways,
          st_stairs_1, feat_on_display
D:2:      layout_loops_ring, uniq_jessica, uniq_crazy_yiuf_cottage, uniq_terence

Skill      XL: |  1  2 |
---------------+-------+-----
Fighting       | 1 |  1.3
Dodging        | |  2.1
Stealth        | |  1.5
Spellcasting   | |  2.7

Action                   || total
-------------------------++-------
 Cast: Magic Dart        ||    40
       Call Imp          ||     1
Armor: Robe              ||     1
Dodge: Dodged            ||     5

Table legend: (Time is in decaauts)
 A = Elapsed time spent in this place.
 B = Non-inter-level travel time spent in this place.
 C = Inter-level travel time spent in this place.
 D = Time resting spent in this place.
 E = Time spent auto-exploring this place.
 F = Levels seen in this place.
 G = Mean time per level.
                   A        B        C        D        E       F      G
               +--------+--------+--------+--------+--------+-----+--------+
         Total |   1031 |   1004 |     27 |      0 |    930 |   2 |  515.5 |
       Dungeon |   1031 |   1004 |     27 |      0 |    930 |   2 |  515.5 |
               +--------+--------+--------+--------+--------+-----+--------+

Top non-repeatable levels by time:
     D:1: 1027 daAuts
     D:2: 4 daAuts
